 Dungeon Crawl Stone Soup version 0.17-a0-1804-gf6433eb (webtiles) character file.

26494 shakdrar the Cleaver (level 12, -1/107 HPs)
             Began as a Minotaur Fighter on Sept 11, 2015.
             Was a Believer of Ashenzari.
             Slain by a freezing wraith (7 damage)
             ... in an ice cave.
             The game lasted 01:03:58 (15756 turns).

shakdrar the Cleaver (Minotaur Fighter)            Turns: 15756, Time: 01:03:59

Health: -1/107     AC: 25    Str: 22    XL:     12   Next: 98%
Magic:  17/17      EV:  7    Int:  8    God:    Ashenzari [**....]
Gold:   1231       SH: 13    Dex: 11    Spells: 0 memorised, 11 levels left

rFire  + . .     SeeInvis .     a - +1 war axe
rCold  + . .     Clarity  +     b - +2 plate armour {rC+} (curse)
rNeg   . . .     SustAt   .     c - +0 shield
rPois  +         Gourm    .     (helmet restricted)
rElec  .         Spirit   .     (no cloak)
rCorr  .         Warding  .     B - +2 pair of gloves (curse)
rMut   .         Stasis   .     o - +2 pair of boots (curse)
MR     .....                    p - amulet of clarity (curse)
Stlth  ..........               q - ring of protection from fire
                                v - ring of poison resistance

@: slowed, very slow, not resistant to hostile enchantments, extremely
unstealthy
A: retaliatory headbutt, horns 2, berserk 1, sense surroundings 1, screaming 1
a: Scrying, Renounce Religion


You were in an ice cave.
You worshipped Ashenzari.
Ashenzari was pleased with you.
You were not hungry.

You visited 3 branches of the dungeon, and saw 14 of its levels.
You also visited: Sewer and Ice Cave.

You collected 1231 gold pieces.

Inventory:

Hand weapons
 a - a +1 war axe (weapon)
 R - a +0 demon whip of draining
Missiles
 h - 52 poisoned needles
 l - 4 curare-tipped needles
 u - 6 needles of confusion
Armour
 b - a cursed +2 plate armour of cold resistance (worn)
 c - a +0 shield (worn)
 o - a cursed +2 pair of boots (worn)
 B - a cursed +2 pair of gloves (worn)
Rods
 G - a -1 rod of ignition (12/12)
   (You found it on level 7 of the Dungeon)
 K - a +0 rod of inaccuracy (13/13)
   (You found it on level 8 of the Dungeon)
Jewellery
 i - an uncursed ring of flight
 p - a cursed amulet of clarity (around neck)
 q - a ring of protection from fire (right hand)
 v - a ring of poison resistance (left hand)
 z - a cursed ring of teleportation
 X - an uncursed amulet of regeneration
Magical devices
 j - a wand of frost (32)
 C - a wand of teleportation (2)
 H - a wand of draining (7)
 N - a wand of flame (29)
 O - a wand of frost (19)
 U - a wand of lightning (1)
 W - a wand of polymorph (13)
Scrolls
 k - 3 scrolls of magic mapping
 m - 2 scrolls of amnesia
 n - 15 scrolls of identify
 r - 5 scrolls of recharging
 x - a scroll of fog
 y - 8 scrolls of teleportation
 I - a scroll of fear
 J - 2 scrolls of curse jewellery
 P - 2 scrolls of curse weapon
 Q - a scroll of curse armour
 T - a scroll of enchant armour
 Y - 2 scrolls of remove curse
Potions
 d - a potion of might
 f - a potion of agility
 w - a potion of berserk rage
 A - 3 potions of curing
 E - 3 potions of brilliance
 S - a potion of resistance
 Z - a potion of beneficial mutation
Books
 t - a book of Air

   Spells                             Type                      Level
   a - Shock                          Conjuration/Air              1
   b - Swiftness                      Charms/Air                   2
   c - Repel Missiles                 Charms/Air                   2
   d - Static Discharge               Conjuration/Air              3
   e - Lightning Bolt                 Conjuration/Air              5
 D - a book of Beasts

   Spells                             Type                      Level
   a - Summon Butterflies             Summoning                    1
   b - Call Canine Familiar           Summoning                    3
   c - Summon Ice Beast               Ice/Summoning                4
   d - Summon Mana Viper              Hexes/Summoning              5
   e - Summon Hydra                   Summoning                    7
 F - a book of Ice

   Spells                             Type                      Level
   a - Ice Form                       Ice/Transmutation            4
   b - Metabolic Englaciation         Hexes/Ice                    5
   c - Ozocubu's Refrigeration        Ice                          6
   d - Bolt of Cold                   Conjuration/Ice              6
   e - Freezing Cloud                 Conjuration/Ice/Air          6
   f - Simulacrum                     Ice/Necromancy               6
 M - a book of the Sky

   Spells                             Type                      Level
   a - Summon Lightning Spire         Summoning/Air                4
   b - Airstrike                      Air                          4
   c - Silence                        Hexes/Air                    5
   d - Deflect Missiles               Charms/Air                   6
   e - Conjure Ball Lightning         Conjuration/Air              6
   f - Tornado                        Air                          9
Comestibles
 e - 6 bread rations
 g - 5 beef jerkies
 s - 7 slices of pizza
 L - 3 fruits
 V - 12 royal jellies


   Skills:
 + Level 10.4 Fighting
 + Level 13.6(14.1) Axes
 - Level 6.5(11.0) Maces & Flails
 + Level 12.5(14.4) Armour
 + Level 12.3 Shields
 - Level 8.0 Evocations


You had 11 spell levels left.
You didn't know any spells.

Dungeon Overview and Level Annotations

Branches:
Dungeon (11/15)            Temple (1/1) D:6            Lair (2/8) D:11
    Orc (0/4) D:10

Altars:
Ashenzari
Cheibriados
Dithmenos
Elyvilon
Fedhas
Gozag
Kikubaaqudgha
Makhleb
Nemelex Xobeh
Okawaru
Qazlal
Ru
Sif Muna
Trog
Vehumet
Xom
Yredelemnul
Zin
The Shining One


Innate Abilities, Weirdness & Mutations

You reflexively headbutt those who attack you in melee.
You have a pair of horns on your head.
You tend to lose your temper in combat.
You passively map a small area around you.
You occasionally shout uncontrollably at your foes.


Message History

The freezing wraith freezes you. You resist.
* * * LOW HITPOINT WARNING * * *
You block the freezing wraith's attack.
You hit the freezing wraith.
Your headbutt misses the freezing wraith.
The freezing wraith is almost destroyed.
The freezing wraith hits you.
* * * LOW HITPOINT WARNING * * *
The freezing wraith freezes you. You resist.
* * * LOW HITPOINT WARNING * * *
The freezing wraith hits you!
* * * LOW HITPOINT WARNING * * *
The freezing wraith drains your vigour!
You feel as though you will be slow longer.
* * * LOW HITPOINT WARNING * * *
You hit the freezing wraith.
The freezing wraith is almost destroyed.
You block the freezing wraith's attack. x2
The freezing wraith hits you!
You die...

##...............#
.##
##....###........##
,, ≈ ...# #...###
###...#### ....#
#..## ##### *
#...#*#...# ≈
#...###..## * ≈≈*
#...###..##
#...###..##
*#..@....#
###W...## ######


You could see a freezing wraith.

Vanquished Creatures
  A sphinx (D:9)
  2 hydras (Lair:1)
  A queen ant (D:8)
  A centaur warrior (D:9)
  A tengu warrior (D:9)
  Nergalle (D:10)
  The ghost of Nico3ck the Firebug, an experienced NaWz of Vehumet (D:6)
  A harpy (D:9)
  A hill giant (Lair:1)
  2 ugly things (D:11)
  A black mamba (Lair:1)
  2 gargoyles (D:11)
  2 spiny frogs
  3 komodo dragons (Lair:1)
  4 trolls
  A queen bee (Lair:1)
  A freezing wraith (IceCv)
  5 blink frogs (Lair:2)
  Grinder (D:5)
  A two-headed ogre (D:11)
  16 yaks
  Sigmund (D:3)
  A deep elf mage (D:9)
  A human (D:7)
  A hungry ghost (D:10)
  2 wyverns
  A hippogriff (D:10)
  2 basilisks
  A hill giant zombie (D:10)
  A hog (D:7)
  A death yak simulacrum (IceCv)
  6 soldier ants (D:8)
  5 water moccasins
  6 orc warriors
  A mottled dragon (D:11)
  A porcupine (Lair:1)
  An alligator simulacrum (IceCv)
  6 phantoms
  16 ice beasts
  4 centaurs
  2 necrophages
  3 ogres
  2 crocodiles (Lair:1)
  8 giant frogs
  3 big kobolds
  26 killer bees
  A troll zombie (D:10)
  3 scorpions
  An elephant simulacrum (IceCv)
  4 hounds
  A crimson imp (D:10)
  2 centaur zombies
  9 orc wizards
  A giant frog zombie (D:5)
  3 jellies
  An orc priest (D:9)
  3 giant frog skeletons
  10 iguanas
  28 worker ants
  Terence (D:3)
  A wolf simulacrum (IceCv)
  5 ogre zombies (D:10)
  3 sheep (D:7)
  A worker ant zombie (D:9)
  Robin (D:3)
  20 adders
  15 river rats
  7 gnolls
  5 white imps (IceCv)
  4 oozes
  2 adder zombies
  2 adder skeletons (D:8)
  6 worms
  7 giant geckos
  35 orcs
  14 bats
  7 giant cockroaches
  13 hobgoblins
  12 jackals
  5 kobolds
  3 quokkas
  7 ball pythons
  A ball python skeleton (D:6)
  A giant gecko zombie (D:5)
  8 giant newts
  20 goblins
  2 goblin skeletons (D:10)
  3 goblin zombies (D:10)
  A hobgoblin skeleton (D:10)
  4 hobgoblin zombies (D:10)
  A jackal skeleton (D:4)
  2 orc skeletons (D:10)
  12 orc zombies (D:10)
  9 rats
  4 fungi (D:5)
462 creatures vanquished.

Vanquished Creatures (others)
  3 fungi
  A plant (Lair:1)
4 creatures vanquished.

Grand Total: 466 creatures vanquished

Notes
Turn   | Place    | Note
--------------------------------------------------------------
     0 | D:1      | shakdrar the Minotaur Fighter began the quest for the Orb.
     0 | D:1      | Reached XP level 1. HP: 19/19 MP: 0/0
    87 | D:1      | Reached skill level 4 in Shields
   124 | D:1      | Reached XP level 2. HP: 26/26 MP: 1/1
   555 | D:1      | Reached XP level 3. HP: 31/31 MP: 2/2
  1406 | D:2      | Reached skill level 5 in Armour
  1434 | D:2      | Found a blossoming altar of Fedhas.
  1614 | D:2      | Reached XP level 4. HP: 39/39 MP: 3/3
  1961 | D:3      | Reached skill level 5 in Shields
  1975 | D:3      | Noticed Sigmund
  1993 | D:3      | Killed Sigmund
  1993 | D:3      | Reached skill level 6 in Armour
  1993 | D:3      | Reached XP level 5. HP: 38/45 MP: 4/4
  2046 | D:3      | Noticed Terence
  2059 | D:3      | Killed Terence
  2059 | D:3      | Reached XP level 6. HP: 48/51 MP: 5/5
  2143 | D:3      | Noticed Robin
  2165 | D:3      | Killed Robin
  2846 | D:3      | Reached skill level 12 in Armour
  2846 | D:3      | Reached XP level 7. HP: 57/57 MP: 6/6
  3239 | D:4      | Found a glowing drain.
  3299 | Sewer    | Entered a sewer
  4175 | D:5      | Entered Level 5 of the Dungeon
  4257 | D:5      | Found a shadowy altar of Dithmenos.
  4458 | D:5      | Noticed Grinder
  4461 | D:5      | Paralysed by Grinder for 4 turns
  4475 | D:5      | Paralysed by Grinder for 3 turns
  4483 | D:5      | Killed Grinder
  4483 | D:5      | Reached XP level 8. HP: 49/67 MP: 7/7
  5213 | D:6      | Noticed Nico3ck's ghost (experienced NaWz)
  5265 | D:6      | Killed Nico3ck's ghost
  5265 | D:6      | Reached skill level 5 in Fighting
  5294 | D:6      | Reached skill level 5 in Axes
  5419 | D:6      | Found a sparkling altar of Nemelex Xobeh.
  5422 | D:6      | Found a snail-covered altar of Cheibriados.
  5425 | D:6      | Found a basalt altar of Yredelemnul.
  5428 | D:6      | Found a shimmering altar of Xom.
  5503 | D:6      | Found a staircase to the Ecumenical Temple.
  5509 | Temple   | Entered the Ecumenical Temple
  5526 | Temple   | Became a worshipper of Ashenzari the Shackled
  5676 | D:6      | Reached XP level 9. HP: 73/75 MP: 8/8
  6712 | D:7      | Found a sacrificial altar of Ru.
  7424 | D:8      | Found a shimmering altar of Xom.
  7458 | D:8      | Noticed a queen ant
  8121 | D:8      | Reached XP level 10. HP: 59/89 MP: 9/9
  8784 | D:8      | Killed a queen ant
  9555 | D:9      | Gained mutation: You occasionally shout uncontrollably at your foes. [potion of mutation]
  9555 | D:9      | Gained mutation: You passively map a small area around you. [potion of mutation]
  9555 | D:9      | Gained mutation: You tend to lose your temper in combat. [potion of mutation]
  9686 | D:9      | Acquired Ashenzari's first power
  9989 | D:9      | Reached skill level 10 in Fighting
 10444 | D:9      | Found a runed door.
 10454 | D:9      | Noticed a harpy
 10460 | D:9      | Killed a harpy
 10460 | D:9      | Reached skill level 1 in Evocations
 10465 | D:9      | Noticed a tengu warrior
 10484 | D:9      | Killed a tengu warrior
 10484 | D:9      | Reached XP level 11. HP: 96/99 MP: 11/11
 10498 | D:9      | Noticed a centaur warrior
 10498 | D:9      | Noticed a sphinx
 10505 | D:9      | Paralysed by a sphinx for 2 turns
 10516 | D:9      | Killed a sphinx
 10516 | D:9      | Reached skill level 10 in Axes
 10528 | D:9      | Killed a centaur warrior
 10790 | D:10     | Entered Level 10 of the Dungeon
 10983 | D:10     | Noticed Nergalle
 11031 | D:10     | Killed Nergalle
 11031 | D:10     | Reached skill level 5 in Evocations
 11430 | D:10     | Found a staircase to the Orcish Mines.
 12269 | D:11     | Identified a +0 rod of inaccuracy (13/13) (You found it on level 8 of the Dungeon)
 12270 | D:11     | Identified a -1 rod of ignition (12/12) (You found it on level 7 of the Dungeon)
 12586 | D:11     | Found a staircase to the Lair.
 12770 | D:11     | Reached skill level 1 in Maces & Flails
 13265 | D:11     | Reached XP level 12. HP: 106/106 MP: 15/15
 13568 | Lair:1   | Entered Level 1 of the Lair of Beasts
 13643 | Lair:1   | Acquired Ashenzari's second power
 13915 | Lair:1   | Noticed a four-headed hydra
 13922 | Lair:1   | Killed a four-headed hydra
 14121 | Lair:1   | Reached skill level 5 in Maces & Flails
 14567 | Lair:1   | Reached skill level 13 in Axes
 14747 | Lair:1   | Noticed a four-headed hydra
 14757 | Lair:1   | Killed a four-headed hydra
 15438 | Lair:2   | Found a frozen archway.
 15487 | IceCv    | Entered an ice cave
 15755 | IceCv    | HP: 5/107 [freezing wraith (3)]
 15756 | IceCv    | Slain by a freezing wraith

Vault maps used:
D:1:      enne_arrival_octagon_isle, corexii_leaking_fountain
D:2:      overflow_temple_1_default
D:3:      uniq_robin, uniq_sigmund, uniq_terence
D:4:      portal_sewer_entry_a
D:5:      nicolae_dithmenos_the_darkroom, first_bread, solitary_fountain,
          water_boxes_lemuel, uniq_grinder
D:6:      grunt_temple_overflow_cloverleaf, minmay_temple_entry_fiery
D:7:      kennysheep_mini, grunt_livestock
D:8:      basic_altar, zaba_antful_of_joy
D:9:      minivault_13
D:10:     minmay_goldmine, zombieorc2_lemuel, kennysheep_generic_room_16,
          uniq_nergalle
D:11:     wad_guarded_room, lair_0_dummy, minivault_23
Temple:   circular_temple_12
Lair:1:   beast_lair_carwin_large_2, special_room
Lair:2:   portal_ice_cave_entry_ice_beasts, uniq_urug
Sewer:    sewer_fruit_machine
IceCv:    ice_cave_small_necro

Action                   |  1- 3 |  4- 6 |  7- 9 | 10-12 || total
-------------------------+-------+-------+-------+-------++-------
Melee: War axe           |    89 |   120 |   461 |   792 ||  1462
       Demon whip        |       |       |       |   356 ||   356
 Abil: Evoke Flight      |       |       |     1 |       ||     1
Evoke: Wand              |       |       |       |     9 ||     9
  Use: Scroll            |     5 |       |    10 |    17 ||    32
       Potion            |     4 |     1 |     7 |     9 ||    21
  Eat: Royal jelly       |     1 |       |     1 |       ||     2
       Pizza             |     1 |       |       |     1 ||     2
       Meat ration       |       |     1 |     2 |     3 ||     6
       Chunk             |       |       |     2 |       ||     2
       Bread ration      |       |       |     1 |     4 ||     5
